 Dungeon Crawl Stone Soup version 0.26.1-11-gd32895ea62 (webtiles) character file.

Game seed: 3310575165865994598

9377 ubername the Thaumaturge (level 11, -1/82 HPs)
             Began as a Grey Draconian Ice Elementalist on June 18, 2021.
             Was a Believer of Vehumet.
             Slain by a wolf (2 damage)
             ... on level 11 of the Dungeon on June 19, 2021.
             The game lasted 00:43:37 (17242 turns).

ubername the Thaumaturge (DrIE)                    Turns: 17242, Time: 00:43:37

Health: -1/82      AC: 20    Str: 11 (12) XL:     11   Next: 22%
Magic:  15/25      EV:  9    Int: 15 (16) God:    Vehumet [**....]
Gold:   654        SH:  5    Dex:  9 (11) Spells: 22/30 levels left

rFire    + . .     SeeInvis .   n - +5 quarterstaff (chaos)
rCold    + . .     Faith    .   (shield currently unavailable)
rNeg     . . .     Spirit   .   (armour unavailable)
rPois    .         Reflect  +   (helmet restricted)
rElec    .         Harm     .   A - scarf {rC+ rF+}
rCorr    .         Rampage  .   (no gloves)
Will     .....                  k - +0 pair of boots
Stlth    ++........             H - amulet of reflection
HPRegen  0.23/turn              e - -4 ring of evasion (curse)
MPRegen  0.19/turn              (no ring)

@: icy armour, frozen ramparts
A: walk through water, unfitting armour, big wings, stinger 1, dopey 1,
unbreathing, cold-blooded, AC +12
a: Fly, Renounce Religion


You were on level 11 of the Dungeon.
You worshipped Vehumet.
Vehumet was pleased with you.
You visited 2 branches of the dungeon, and saw 12 of its levels.

You collected 654 gold pieces.

Inventory:

Hand Weapons
 a - a +1 short sword of venom
 b - a +0 club
 n - a +5 quarterstaff of chaos (weapon)
 v - the +2 trident "Husit" {freeze, rC+ Dex+4}
   (You found it on level 5 of the Dungeon)

   It has been specially enchanted to freeze those struck by it, causing extra
   injury to most foes and up to half again as much damage against particularly
   susceptible opponents.
   It can also slow down cold-blooded creatures.
   It affects your dexterity (+4).
   It protects you from cold.
 z - a +6 spear of venom
 D - the +2 spear "Earthworm" {protect, rN+}
   (You found it on level 6 of the Dungeon)

   It grants its wielder temporary protection when it strikes (+7 to AC).
   It protects you from negative energy.
Missiles
 q - 112 sling bullets
 u - 63 poisoned darts
 N - a javelin
 O - 8 boomerangs (quivered)
Armour
 k - a +0 pair of boots (worn)
 A - a scarf of resistance (worn)
Jewellery
 e - a cursed -4 ring of evasion (left hand)
 f - an uncursed ring of flight
 g - an uncursed ring of willpower
 h - an uncursed ring of fire {unknown}
 o - an uncursed amulet of faith {unknown}
 s - an uncursed ring of positive energy {unknown}
 y - an uncursed ring of see invisible {unknown}
 C - an uncursed ring of stealth {unknown}
 H - an amulet of reflection (around neck)
 J - an uncursed ring of ice
 K - an uncursed amulet of magic regeneration {unknown}
Wands
 G - a wand of flame (26)
 L - a wand of polymorph (6)
Scrolls
 c - 3 scrolls of enchant armour
 i - a scroll of amnesia
 j - a scroll of fog
 l - a scroll of enchant weapon
 p - a scroll of teleportation
 w - 2 scrolls of magic mapping
 x - 7 scrolls of identify
 F - a scroll of summoning
Potions
 m - 3 potions of brilliance
 r - 4 potions of curing
 t - a potion of magic
 B - a potion of cancellation
 E - a potion of mutation


   Skills:
 + Level 3.4 Fighting
 + Level 0.6 Short Blades
 + Level 0.5(3.0) Maces & Flails
 - Level 2.4(4.0) Polearms
 + Level 4.8(5.1) Staves
 + Level 3.1 Throwing
 + Level 4.2 Dodging
 + Level 3.1 Stealth
 + Level 1.2 Shields
 * Level 10.2 Spellcasting
 + Level 0.7 Conjurations
 * Level 4.7 Fire Magic
 + Level 9.7 Ice Magic


You had 22 spell levels left.
You knew the following spells:

 Your Spells              Type           Power        Failure   Level
a - Freeze                Ice            100%         1%          1
b - Frozen Ramparts       Ice            74%          1%          3
c - Ozocubu's Armour      Ice            37%          1%          3
d - Foxfire               Conj/Fire      60%          3%          1

Your spell library contained the following spells:

 Spells                   Type           Power        Failure   Level
 Shock                    Conj/Air       32%          9%          1
 Magic Dart               Conj           36%          7%          1
 Animate Skeleton         Necr           14%          10%         1
 Apportation              Tloc           14%          10%         1
 Corona                   Hex            7%           10%         1
 Summon Small Mammal      Summ           28%          10%         1
 Conjure Flame            Conj/Fire      15%          10%         3
 Searing Ray              Conj           18%          11%         2
 Inner Flame              Hex/Fire       14%          11%         3
 Hailstorm                Conj/Ice       23%          11%         4
 Summon Ice Beast         Ice/Summ       22%          13%         4
 Call Imp                 Summ           7%           14%         2
 Dazzling Flash           Conj/Hex       16%          24%         3
 Call Canine Familiar     Summ           7%           28%         3
 Summon Guardian Golem    Hex/Summ       7%           28%         3
 Sticky Flame             Conj/Fire      15%          30%         4
 Fulminant Prism          Conj/Hex       4%           63%         4
 Iskenderun's Mystic Bla  Conj/Tloc      8%           63%         4
 Fireball                 Conj/Fire      7%           65%         5
 Summon Lightning Spire   Summ/Air       7%           67%         4


Dungeon Overview and Level Annotations

Branches:
Dungeon (11/15)            Temple (1/1) D:7            Lair (0/6) D:11
    Orc (0/2) D:10

Altars:
Ashenzari
Cheibriados
Dithmenos
Elyvilon
Fedhas
Gozag
Hepliaklqana
Kikubaaqudgha
Makhleb
Nemelex Xobeh
Okawaru
Qazlal
Ru
Sif Muna
Trog
Uskayaw
Vehumet
Wu Jian
Xom
Yredelemnul
Zin
The Shining One

Shops:
D:10 =

Annotations:
D:5 2 runed translucent doors, PaiMei's ghost, amateur DsNe


Innate Abilities, Weirdness & Mutations

You can walk through water.
Your dull iron-grey scales are very hard. (AC +12)
You cannot fit into any form of body armour.
You can survive without breathing.
You are cold-blooded and may be slowed by cold attacks.
Your large and strong wings let you fly indefinitely.
Your tail ends in a poisonous barb.
You are dopey. (Int -2)


Message History

You sock the two-headed ogre!
The two-headed ogre is poisoned.
The two-headed ogre is heavily wounded.
The wall freezes the two-headed ogre.
The two-headed ogre barely misses you.
The two-headed ogre hits you but does no damage.
You closely miss the two-headed ogre.
The two-headed ogre is severely wounded.
The wall freezes the two-headed ogre.
The two-headed ogre hits you but does no damage.
The two-headed ogre hits you with a +0 giant club.
* * * LOW HITPOINT WARNING * * *
You block the wolf's attack.
The wall freezes the two-headed ogre.
The two-headed ogre barely misses you.
The two-headed ogre hits you with a +0 giant club!!
* * * LOW HITPOINT WARNING * * *
You hit the two-headed ogre.
Lightning courses through the two-headed ogre!
You kill the two-headed ogre!
Vehumet accepts your kill.
You feel your power returning. The wolf bites you.
You die...

#############
##?.(.@#.....##
#....h)(()....#
#...............#
#.......)...(...#
#...............#
#......(........# ####
#..............!#
...#####
##.............#######
......$##
##...........##.....##


You could see a wolf.

Vanquished Creatures
  3 two-headed ogres
  Pikel (D:7)
  A kobold demonologist (D:8)
  A troll (D:10)
  6 yaks (D:10)
  A wraith (D:10)
  A wyvern (D:8)
  Duvessa (D:7)
  A water moccasin (D:6)
  6 orc warriors
  3 ice beasts
  A sky beast (D:9)
  A black bear (D:8)
  2 phantoms
  3 ogres
  2 wolves (D:11)
  12 centaurs
  A lemure (D:7)
  Blork the orc (D:4)
  3 big kobolds
  A gnoll sergeant (D:7)
  4 bullfrogs
  A wyvern skeleton (D:10)
  4 scorpions
  A water moccasin skeleton (D:5)
  4 wights (D:8)
  5 howler monkeys
  4 hounds
  2 centaur zombies
  6 jellies
  A centaur skeleton (D:10)
  9 orc priests
  Crazy Yiuf (D:2)
  3 bullfrog skeletons
  6 iguanas
  Natasha (thrice) (D:4)
  Terence (D:3)
  10 orc wizards
  9 worker ants
  5 gnolls (D:7)
  3 howler monkey skeletons
  12 adders
  2 river rats (D:6)
  4 white imps
  8 ufetubi
  An ooze (D:3)
  3 adder skeletons
  4 worms
  6 leopard geckos
  35 orcs
  2 ball pythons
  9 bats
  12 giant cockroaches
  7 hobgoblins
  10 jackals
  9 quokkas
  2 frilled lizards
  6 goblins
  A jackal skeleton (D:6)
  32 kobolds
  A quokka skeleton (D:4)
  11 rats
311 creatures vanquished.

Vanquished Creatures (collateral kills)
  Menkaure (D:7)
  Dowan (D:7)
2 creatures vanquished.

Vanquished Creatures (others)
  52 foxfires
  25 plants (D:5)
77 creatures vanquished.

Grand Total: 390 creatures vanquished

Notes
Turn   | Place    | Note
-------+----------+-------------------------------------------
     0 | D:1      | ubername the Draconian Ice Elementalist began the quest for
                  | the Orb.
     0 | D:1      | Reached XP level 1. HP: 14/14 MP: 3/3
   130 | D:1      | Reached XP level 2. HP: 20/20 MP: 3/5
  1118 | D:2      | Reached XP level 3. HP: 26/26 MP: 4/6
  1167 | D:2      | Learned a level 3 spell: Frozen Ramparts
  1177 | D:2      | Reached skill level 1 in Throwing
  1406 | D:2      | Found a shadowy altar of Dithmenos.
  1505 | D:2      | Reached XP level 4. HP: 5/33 MP: 3/8
  1726 | D:2      | Found a runed translucent door.
  1727 | D:2      | Noticed Crazy Yiuf
  1912 | D:2      | Reached skill level 3 in Spellcasting
  1912 | D:2      | Reached XP level 5. HP: 25/38 MP: 0/9
  2456 | D:3      | Learned a level 3 spell: Ozocubu's Armour
  2537 | D:3      | Found a bloodstained altar of Trog.
  2745 | D:3      | Reached skill level 5 in Ice Magic
  3247 | D:3      | Noticed Terence
  3252 | D:3      | Killed Terence
  3441 | D:3      | Reached XP level 6. HP: 45/46 MP: 0/11
  4071 | D:3      | Reached skill level 4 in Spellcasting
  4613 | D:2      | Killed Crazy Yiuf
  5007 | D:4      | Got a crude robe
  5008 | D:4      | Identified the +2 robe "Yffuimatz" {Int+3} (You found it on
                  | level 4 of the Dungeon)
  5059 | D:4      | Noticed Natasha
  5062 | D:4      | Killed Natasha
  5094 | D:4      | Your scales start taking on a dull iron-grey colour.
  5094 | D:4      | Reached XP level 7. HP: 46/51 MP: 9/13
  5094 | D:4      | Gained mutation: You can survive without breathing. [Grey
                  | Draconian growth]
  5184 | D:4      | Reached skill level 1 in Staves
  5409 | D:4      | Noticed Natasha
  5481 | D:4      | Killed Natasha
  5482 | D:4      | Reached skill level 1 in Fighting
  5498 | D:4      | Noticed Natasha
  5505 | D:4      | Killed Natasha
  5977 | D:4      | Noticed Blork the orc
  5993 | D:4      | Killed Blork the orc
  5994 | D:4      | Reached skill level 5 in Spellcasting
  6232 | D:5      | Entered Level 5 of the Dungeon
  6362 | D:5      | Got a glimmering trident
  6946 | D:5      | Reached XP level 8. HP: 39/59 MP: 11/15
  7039 | D:5      | Found a runed translucent door.
  7056 | D:5      | Noticed PaiMei's ghost (amateur DsNe)
  7162 | D:5      | Found a runed translucent door.
  8056 | D:5      | Identified the cursed +2 trident "Husit" {freeze, rC+
                  | Dex+4} (You found it on level 5 of the Dungeon)
  8166 | D:6      | Reached skill level 6 in Spellcasting
  8179 | D:7      | Reached skill level 1 in Polearms
  8614 | D:6      | Reached XP level 9. HP: 59/68 MP: 9/18
  8764 | D:6      | Found a shimmering altar of Xom.
  8941 | D:6      | Got a twisted spear
  8947 | D:6      | Identified the cursed +2 spear "Earthworm" {protect, rN+}
                  | (You found it on level 6 of the Dungeon)
  9332 | D:7      | Noticed Menkaure
  9344 | D:6      | Learned a level 1 spell: Foxfire
  9480 | D:7      | Reached skill level 7 in Spellcasting
  9826 | D:7      | Reached skill level 1 in Fire Magic
  9848 | D:7      | Noticed Pikel
  9862 | D:7      | Killed Pikel
  9863 | D:7      | Reached skill level 8 in Spellcasting
 10222 | D:7      | Killed Menkaure
 10228 | D:7      | Noticed Duvessa
 10228 | D:7      | Noticed Dowan
 10246 | D:7      | Killed Dowan
 10253 | D:7      | Killed Duvessa
 10411 | D:7      | Found a staircase to the Ecumenical Temple.
 10903 | Temple   | Entered the Ecumenical Temple
 10948 | Temple   | Became a worshipper of Vehumet
 11407 | D:8      | Noticed a kobold demonologist
 11419 | D:8      | Killed a kobold demonologist
 11420 | D:8      | Reached XP level 10. HP: 76/77 MP: 15/22
 11562 | D:8      | Noticed a two-headed ogre
 11876 | D:8      | a two-headed ogre changed into a black bear
 12401 | D:9      | Reached * piety under Vehumet
 12401 | D:9      | Offered knowledge of Sandblast by Vehumet.
 12802 | D:9      | Noticed a two-headed ogre
 12832 | D:9      | Killed a two-headed ogre
 12833 | D:9      | Reached skill level 9 in Spellcasting
 13283 | D:9      | Found a stormy altar of Qazlal.
 13346 | D:9      | Found a broken altar of Ashenzari.
 13346 | D:9      | Found a hide-covered altar of Uskayaw.
 13347 | D:9      | Found an iron altar of Okawaru.
 13348 | D:9      | Found a sparkling altar of Nemelex Xobeh.
 13349 | D:9      | Found a bloodstained altar of Trog.
 13784 | D:9      | Offered knowledge of Shock by Vehumet.
 13941 | D:10     | Entered Level 10 of the Dungeon
 14172 | D:10     | Reached ** piety under Vehumet
 14732 | D:10     | Found a staircase to the Orcish Mines.
 15239 | D:10     | Found Voetz's Jewellery Shop.
 15269 | D:10     | Noticed a two-headed ogre
 15292 | D:10     | Killed a two-headed ogre
 15293 | D:10     | Reached skill level 10 in Spellcasting
 15293 | D:10     | Reached XP level 11. HP: 33/82 MP: 15/25
 15978 | D:11     | Noticed a two-headed ogre
 16416 | D:10     | Gained mutation: You are dopey. (Int -2) [potion of
                  | mutation]
 16416 | D:10     | Gained mutation: Your large and strong wings let you fly
                  | indefinitely. [potion of mutation]
 16416 | D:10     | Gained mutation: Your tail ends in a poisonous barb.
                  | [potion of mutation]
 17190 | D:11     | Found a staircase to the Lair.
 17219 | D:11     | Reached skill level 1 in Shields
 17241 | D:11     | HP: 1/82 [two-headed ogre/+0 giant club (22)]
 17242 | D:11     | Killed a two-headed ogre
 17242 | D:11     | Slain by a wolf

Illustrated notes

Levels and vault maps discovered:
D:1:      minmay_arrival_checkered_box, layout_basic
D:2:      minmay_general_purpose_star, layout_basic, kennysheep_doodads,
          grunt_dithmenos_smoke, uniq_crazy_yiuf_cottage
D:3:      cheibrodos_thug_alley, layout_basic, corner_web_ring,
          roderic_lattice_a, trog_book, uniq_terence
D:4:      layout_cave_pools, uniq_blork_the_orc, uniq_natasha
D:5:      layout_rooms, ebering_ghost_sewer_f, serial_bayou,
          serial_bayou_ford_a, serial_bayou_crossing, serial_bayou_pond_b,
          serial_bayou_pond_d, serial_bayou_pond_a, serial_bayou_lake_a
D:6:      layout_rooms, lemuel_round_altar, portal_sewer_entry_a,
          lightli_minifort
D:7:      layout_basic, minmay_temple_entry_sparse_star, uniq_duvessa,
          uniq_pikel, uniq_menkaure
D:8:      layout_basic
D:9:      layout_basic, general_overflow_altar, minitemple
D:10:     layout_layer_cave, orc_0_dummy, serial_shops, shop_fountains,
          st_stairs_12
D:11:     layout_rooms, erik_lair_island
Temple:   eino_wide_crystal_templ

Skill      XL: |  1  2  3  4  5  6  7  8  9 10 11 |
---------------+----------------------------------+-----
Throwing       | 1 2 3 |  3.1
Dodging        | 2 3 4 |  4.2
Spellcasting   | 3 4 5 6 8 10 | 10.2
Stealth        | 2 3 |  3.1
Ice Magic      | 5 6 7 8 9 |  9.7
Staves         | 2 3 4 |  4.8
Fighting       | 1 2 3 |  3.4
Polearms       | 2 |  2.4
Fire Magic     | 2 4 |  4.7
Shields        | 1 |  1.2
Short Blades   | |  0.6
Maces & Flails | |  0.5
Conjurations   | |  0.7

Action                   |  1- 3 |  4- 6 |  7- 9 | 10-12 || total
-------------------------+-------+-------+-------+-------++-------
Melee: Club              |     4 |       |       |       ||     4
       Short sword       |    16 |    34 |       |       ||    50
       Quarterstaff      |       |     6 |   112 |    99 ||   217
       Tailslap          |       |       |    26 |     6 ||    32
       Trident           |       |       |    45 |       ||    45
       Spear             |       |       |    66 |       ||    66
Throw: Javelin           |    31 |    33 |     9 |    15 ||    88
       Stone             |     1 |     2 |       |     5 ||     8
       Boomerang         |       |       |       |    21 ||    21
 Cast: Freeze            |    16 |    10 |    36 |    16 ||    78
       Frozen Ramparts   |     3 |    24 |    56 |    48 ||   131
       Ozocubu's Armour  |       |    13 |    36 |    30 ||    79
       Foxfire           |       |       |    15 |    19 ||    34
Evoke: Wand              |       |       |       |     4 ||     4
  Use: Scroll            |     4 |     5 |     8 |     6 ||    23
       Potion            |       |     5 |     5 |     3 ||    13
 Stab: Sleeping          |       |     2 |     2 |       ||     4
       Paralysed         |       |       |     3 |     1 ||     4
Armor: Skin              |    16 |    23 |   149 |   122 ||   310
Dodge: Dodged            |    18 |    47 |   250 |    94 ||   409
Block: Other             |       |       |       |    56 ||    56
       Reflection        |       |       |       |    18 ||    18
